Map: Temple gelé

Players

YTROG

  • Race: Zerg Zerg
  • League: Diamond

Frozen - Winner!

  • Race: Zerg Zerg
  • League: Master

VOD

Have the link to the VOD?

Description

Time

  • Played on: May 18, 2016, 2:49 p.m.
  • Length: 3:05
Show
View Real Time Build Order
Export as new Build Order

YTROG Zerg 

Build Orders: Pool First 

Get SALT Encoding   

  12  0:00  Drone  
  13  0:13  Overlord  
  13  0:17  Drone  
  13  0:20  Extractor  
  13  0:24  Drone  
  15  0:31  Drone  
  16  0:38  Extractor, Drone  
  16  0:47  Spawning Pool  
  15  0:51  Drone  
  16  0:57  Drone  
  17  1:08  Drone  
  18  1:18  Drone  
  19  1:27  Hatchery  
  19  1:31  Drone  
  19  1:38  Metabolic Boost  
  19  1:42  Zergling x2  
  20  1:52  Queen  
  22  1:59  Overlord  
  22  2:08  Baneling Nest  
  21  2:10  Zergling x2  
  22  2:18  Spine Crawler  
  20  2:26  Evolution Chamber  
  20  2:30  Spine Crawler  
  20  2:31  Zergling x2  
  20  2:39  Zergling x4  
  20  2:43  Zergling x2  
Show
View Real Time Build Order
Export as new Build Order

Frozen Zerg - Winner!

Build Orders: Pool First 

Get SALT Encoding   

  12  0:01  Drone  
  13  0:08  Extractor  
  12  0:26  Spawning Pool  
  11  0:35  Drone  
  12  0:38  Drone  
  13  0:45  Drone  
  14  0:52  Overlord  
  14  1:13  Zergling x2  
  14  1:14  Zergling x2  
  14  1:17  Metabolic Boost  
  16  1:18  Zergling x2  
  17  1:29  Baneling Nest  
  17  1:30  Zergling x2  
  17  1:41  Zergling x2  
  18  1:52  Zergling x2  
  19  2:02  Zergling x2  
  20  2:12  Baneling  
  20  2:14  Baneling x2  
  20  2:18  Zergling x2  
  21  2:31  Zergling x2, Hatchery  
Tags
 
Add a new tag
Caveats
  • Supply blocks, unpowered buildings, or Contaminate may cause inaccurate times.
  • Supply counts are checked every 10 seconds.